 Dungeon Crawl Stone Soup version 0.19.5 (webtiles) character file.

83 Hybris the Poker (level 4, 36/36 HPs)
             Began as a Draconian Gladiator on Mar 24, 2017.
             Quit the game on level 2 of the Dungeon on Mar 25, 2017.
             The game lasted 00:07:43 (2289 turns).

Hybris the Poker (Draconian Gladiator)              Turns: 2289, Time: 00:07:43

Health: 36/36      AC:  5    Str: 18    XL:     4   Next: 22%
Magic:  4/4        EV: 12    Int:  9    God:
Gold:   90         SH:  0    Dex: 11    Spells: 0 memorised, 3 levels left

rFire  . . .     SeeInvis .     a - +0 trident
rCold  . . .     Gourm    +     (armour unavailable)
rNeg   . . .     Faith    .     (no shield)
rPois  .         Spirit   .     b - +0 hat
rElec  .         Reflect  .     (no cloak)
rCorr  .         Harm     .     (no gloves)
MR     .....                    (no boots)
Stlth  +.........               n - amulet of the gourmand
                                (no ring)
                                e - ring of wizardry

@: drained
A: unfitting armour, cold-blooded, AC +5
a: no special abilities


You were on level 2 of the Dungeon.
You were completely stuffed.

You visited 1 branch of the dungeon, and saw 2 of its levels.

You collected 90 gold pieces.

Inventory:

Hand Weapons
 a - a +0 trident (weapon)
Missiles
 c - 3 throwing nets (quivered)
Armour
 b - a +0 hat (worn)
Jewellery
 e - a ring of wizardry (left hand)
 n - an amulet of the gourmand (around neck)
 r - an uncursed amulet of guardian spirit
Scrolls
 g - 4 scrolls of noise {unknown}
 i - a scroll of teleportation {unknown}
 j - 3 scrolls of recharging {unknown}
 k - a scroll of immolation {unknown}
 m - a scroll of remove curse {unknown}
 p - 2 scrolls of identify {unknown}
Potions
 h - 2 potions of haste {unknown}
 l - a potion of lignification {unknown}
Comestibles
 d - a bread ration
 f - a slice of pizza
 o - a beef jerky
 q - 5 fruits
 s - 3 chunks of flesh


   Skills:
 - Level 2.1(2.0) Fighting
 + Level 5.1(4.9) Polearms
 - Level 1.7(1.6) Throwing
 - Level 2.6(2.5) Dodging


You had 3 spell levels left.
You didn't know any spells.

Dungeon Overview and Level Annotations

Branches:
Dungeon (2/15)

Altars:
Sif Muna


Innate Abilities, Weirdness & Mutations

Your plain brown scales are hard. (AC +5)
You cannot fit into any form of body armour.
You are cold-blooded and may be slowed by cold attacks.


Message History

You butcher the goblin corpse.
s - 3 chunks of flesh Done exploring.
Done exploring.
Done exploring.
You remove your amulet of the gourmand.
You feel your power drawn to a protective spirit.
r - an amulet of guardian spirit (around neck)
You start resting.
Magic restored.
You remove your amulet of guardian spirit.
You feel a craving for the dungeon's cuisine.
n - an amulet of the gourmand (around neck) Done exploring.
Done exploring.
Done exploring.
No target in view!
Unknown command.
Unknown command.
Are you sure you want to abandon this character and quit the game? (Confirm with "yes".)

.....# #.#.#.#.#.#
.##########.#.#.#.#.#
............#.#(#.#.#
.##.#########.#.#.#.#
.......# #.#.#.#.#
.......# #.#.#.#.#
.......# #.#...#.#
.......# #.#####.#
.......# #.#.@.#.#
.......## #.#.#.#.#
#.......# #.#.#.#.#
#.......# #.#.#.#.#
#.......# #.#.#.#.#
###.##### #.#.#.#.#
.....# #.#.#.#.#
.....# #.#.#.#.##
.....# #.#.#....#


There were no monsters in sight!

Vanquished Creatures
  An adder (D:2)
  2 oozes (D:2)
  2 worms (D:2)
  3 dart slugs
  2 leopard geckos (D:2)
  A giant cockroach (D:1)
  6 goblins
  4 hobgoblins
  4 jackals (D:2)
  A ball python (D:1)
  9 bats
  4 frilled lizards
  7 kobolds
  4 rats
50 creatures vanquished.

Notes
Turn   | Place    | Note
-------+----------+-------------------------------------------
     0 | D:1      | Hybris the Draconian Gladiator began the quest for the Orb.
     0 | D:1      | Reached XP level 1. HP: 17/17 MP: 1/1
   516 | D:1      | Reached XP level 2. HP: 15/24 MP: 2/2
   749 | D:1      | Reached skill level 4 in Polearms
   961 | D:2      | Reached XP level 3. HP: 28/29 MP: 3/3
  1188 | D:2      | Found a deep blue altar of Sif Muna.
  1652 | D:2      | Reached XP level 4. HP: 34/36 MP: 4/4
  1864 | D:2      | Reached skill level 5 in Polearms
  2289 | D:2      | Quit the game

Skill      XL: |  1  2  3  4 |
---------------+-------------+-----
Polearms       | 4 5 |  5.1
Fighting       | |  2.1
Throwing       | |  1.7
Dodging        | |  2.6

Action                   |  1- 3 |  4- 6 || total
-------------------------+-------+-------++-------
Melee: Trident           |   128 |    27 ||   155
       Tailslap          |    10 |     6 ||    16
 Stab: Sleeping          |     1 |       ||     1
  Eat: Chunk             |    11 |     5 ||    16
Armor: Skin              |    36 |    17 ||    53
Dodge: Dodged            |    67 |    18 ||    85
